BUFFALO vs NASHVILLE

Created - April 29, 2021 at 10:50

Goals
1 2 3 T
BUFFALO 0 2 1 3
NASHVILLE 0 1 0 1
Shots
1 2 3 T
BUFFALO 2 9 11 22
NASHVILLE 5 11 9 25

1st period

No Goal

Penalties :
Noel Acciari (BUF) for Tripping (Minor) at 4:10, Brock Nelson (BUF) for Tripping (Minor) at 16:09

2nd period

1. BUFFALO , Roman Josi 9 (James van Riemsdyk 7, Drew Doughty 31) at 2:59 (PP)
2. BUFFALO , Brad Marchand 25 (Brock Nelson 39, Marc Staal 11) at 3:26
3. NASHVILLE , Bobby Ryan 10 (Connor Carrick 11, J.T. Compher 27) at 15:43

Penalties :
Brent Seabrook (BUF) for High sticking (Minor) at 0:26, Jeremy Lauzon (NSH) for Interference (Minor) at 2:37, Drew Doughty (BUF) for Roughing (Minor) at 3:45, Nicolas Hague (NSH) for Holding (Minor) at 9:28, Roman Josi (BUF) for Goalie Interference (Minor) at 12:37

3rd period

4. BUFFALO , Shea Theodore 10 (Brent Seabrook 24) at 14:46

Penalties :
Jimmy Vesey (NSH) for Interference (Minor) at 7:48

Goalie Stats

Tuukka Rask (BUF), 24 saves from 25 shots - (0.960), W, 35-10-3, 60:00 minutes
Devan Dubnyk (NSH), 19 saves from 22 shots - (0.864), L, 4-3-1, 60:00 minutes

Players Stats for BUFFALO

Player Name              G  A  P  +/- PIM S  H  SB GA TA FO     MP     PP MP  PK MP  
------------------------------------------------------------------------------------
Alex Chiasson            0  0  0   0  0   0  0  0  0  0  0/0     0:00   0:00   0:00 
Alex Killorn             0  0  0   0  0   3  2  0  0  0  0/0     9:59   0:00   0:00 
Brad Marchand            1  0  1   1  0   4  2  0  0  0  1/1    22:32   1:55   5:44 
Brent Seabrook           0  1  1   1  2   0  2  0  0  0  0/0    19:37   1:55   3:02 
Brock Nelson             0  1  1   1  2   1  0  0  0  0  1/1    18:05   1:55   1:18 
Carl Hagelin             0  0  0   0  0   2  1  0  0  0  0/1    13:59   0:00   4:00 
Charlie Coyle            0  0  0   0  0   1  2  0  0  0  0/0    15:34   2:25   0:00 
David Backes             0  0  0   0  0   0  0  0  0  0  1/2     7:57   0:00   0:13 
Drew Doughty             0  1  1  -1  2   0  1  2  0  0  0/0    24:20   2:25   4:20 
Eric Staal               0  0  0   0  0   2  2  0  0  0  6/12   15:37   2:25   0:03 
James van Riemsdyk       0  1  1   0  0   0  0  0  0  0  1/1    15:34   2:25   0:00 
Jordan Staal             0  0  0   0  0   2  2  0  0  0  14/25  15:47   0:00   5:48 
Marc Staal               0  1  1   1  0   0  2  0  0  0  0/0    17:38   0:00   4:10 
Marco Scandella          0  0  0   1  0   0  0  0  0  0  0/0    13:55   0:00   0:27 
Matt Duchene             0  0  0   1  0   1  0  0  0  0  7/13   16:48   1:55   0:00 
Nate Thompson            0  0  0   0  0   0  0  0  0  0  5/8     7:44   0:00   0:00 
Noel Acciari             0  0  0   0  2   1  0  0  0  0  3/6    10:27   0:00   2:44 
Roman Josi               1  0  1  -1  2   3  1  0  0  0  0/0    24:32   2:25   4:32 
Shea Theodore            1  0  1   1  0   2  0  2  0  0  0/0    19:55   1:55   3:19 

Players Stats for NASHVILLE

Player Name              G  A  P  +/- PIM S  H  SB GA TA FO     MP     PP MP  PK MP  
------------------------------------------------------------------------------------
Adam Larsson             0  0  0   0  0   1  0  3  0  0  0/0    23:03   6:16   2:03 
Andrew Peeke             0  0  0  -1  0   0  0  0  0  0  0/0    15:40   0:00   0:44 
Bobby Ryan               1  0  1   1  0   1  3  0  0  0  0/2    18:06   4:04   0:00 
Brian Dumoulin           0  0  0   0  0   1  0  0  0  0  0/0    19:53   3:39   2:17 
Connor Carrick           0  1  1   0  0   0  0  1  0  0  0/0     2:20   0:00   0:12 
Devin Shore              0  0  0   0  0   0  0  0  0  0  2/3     1:40   0:00   0:00 
J.T. Compher             0  1  1   1  0   6  0  0  0  0  8/18   19:38   4:26   1:10 
Jared McCann             0  0  0   0  0   4  2  0  0  0  1/2    20:42   5:29   1:10 
Jason Dickinson          0  0  0  -2  0   0  2  0  0  0  3/16   16:49   0:22   0:27 
Jeremy Lauzon            0  0  0  -1  2   0  0  1  0  0  0/0    14:55   0:00   0:00 
Jimmy Vesey              0  0  0   1  2   2  3  0  0  0  0/0    18:05   4:04   0:00 
Josh Leivo               0  0  0  -2  0   1  1  0  0  0  0/0    16:57   0:00   0:57 
Morgan Rielly            0  0  0   0  0   4  0  1  0  0  0/0    25:11   6:16   2:03 
Nicolas Hague            0  0  0   0  2   1  0  1  0  0  0/0    18:56   3:39   1:21 
Nolan Patrick            0  0  0   0  0   0  0  0  0  0  0/0     0:22   0:22   0:00 
Paul Byron               0  0  0   0  0   1  0  0  0  0  0/4    23:25   5:29   2:13 
Sean Monahan             0  0  0   0  0   1  1  0  0  0  17/25  23:55   5:29   2:43 
Tage Thompson            0  0  0  -2  0   2  1  1  0  0  0/0    16:00   0:00   0:00 

3 Stars

1 - Brad Marchand (BUF)
2 - Shea Theodore (BUF)
3 - Tuukka Rask (BUF)

Power Play

BUFFALO - 1 on 3 Attempt(s) - 33.33%
NASHVILLE - 0 on 5 Attempt(s) - 0.00%

Penalty Kill

BUFFALO - 5 on 5 Attempt(s) - 100.00% - Score 0 goal in Penalty Kill
NASHVILLE - 2 on 3 Attempt(s) - 66.67% - Score 0 goal in Penalty Kill

Team Stat

BUFFALO - Hits : 17 - Faceoff Wins : 39 - Blocked Shots : 4 - Penalty Minutes : 10
NASHVILLE - Hits : 13 - Faceoff Wins : 31 - Blocked Shots : 8 - Penalty Minutes : 6

Official

Referees : Troy Paterson and Filip Stahl
Linesman : Colin Gates and Kyle Newell

Game Notes

No Game Note

Finance

Level 1 -- Attendance: 4297 (71.62%) -- Ticket Income $429,700
Level 2 -- Attendance: 3940 (78.80%) -- Ticket Income $236,400
Level 3 -- Attendance: 1943 (97.15%) -- Ticket Income $68,005
Level 4 -- Attendance: 2463 (61.58%) -- Ticket Income $61,575
Luxury Box -- Attendance: 745 (74.50%) -- Ticket Income $149,000
Game was played at the Bridgestone Arena.
Total Attendance: 13388 (74.38%)
Total Ticket Income: $944,680
Total Income: $944,680

BUFFALO

5 vs 5 Forward 
   Center                   Left Wing                Right Wing               Time % Phy DF OF 
 1 Matt Duchene             Brad Marchand            Brock Nelson             35     1   0  4  
 2 Eric Staal               James van Riemsdyk       Charlie Coyle            30     1   0  4  
 3 Jordan Staal             Alex Killorn             Carl Hagelin             25     1   1  3  
 4 Nate Thompson            Noel Acciari             David Backes             10     2   2  1  

5 vs 5 Defense 
   Defense                  Defense                                           Time % Phy DF OF 
 1 Roman Josi               Drew Doughty                                      35     1   1  3  
 2 Brent Seabrook           Shea Theodore                                     30     1   1  3  
 3 Marco Scandella          Marc Staal                                        25     1   1  3  
 4 Roman Josi               Drew Doughty                                      10     1   1  3  

PowerPlay Forward 
   Center                   Left Wing                Right Wing               Time % Phy DF OF 
 1 Matt Duchene             Brad Marchand            Brock Nelson             60     0   0  5  
 2 Eric Staal               James van Riemsdyk       Charlie Coyle            40     0   0  5  

PowerPlay Defense
   Defense                  Defense                                           Time % Phy DF OF 
 1 Roman Josi               Drew Doughty                                      60     1   0  4  
 2 Brent Seabrook           Shea Theodore                                     40     1   0  4  

Penalty Kill 4 Players Forward 
   Center                   Wing                     Time % Phy DF OF 
 1 Jordan Staal             Brad Marchand            60     2   2  1  
 2 Noel Acciari             Carl Hagelin             40     1   3  1  

Penalty Kill 4 Players Defense
   Defense                  Defense                  Time % Phy DF OF 
 1 Roman Josi               Drew Doughty             60     1   2  2  
 2 Brent Seabrook           Marc Staal               40     1   2  2  

Penalty Kill - 3 Players Forward 
   Forward                                           Time % Phy DF OF 
 1 Jordan Staal                                      60     1   4  0  
 2 Noel Acciari                                      40     1   4  0  

Penalty Kill - 3 Players Defense
   Defense                  Defense                  Time % Phy DF OF 
 1 Roman Josi               Drew Doughty             60     1   2  2  
 2 Brent Seabrook           Marc Staal               40     1   2  2  

4 vs 4 Forward 
   Center                   Wing                     Time % Phy DF OF 
 1 Eric Staal               Brock Nelson             60     1   1  3  
 2 Jordan Staal             Alex Killorn             40     1   1  3  

4 vs 4 Defense
   Defense                  Defense                  Time % Phy DF OF 
 1 Roman Josi               Drew Doughty             60     1   2  2  
 2 Brent Seabrook           Shea Theodore            40     1   2  2  

Last Minutes Offensive
   Center                   Left Wing                Right Wing               Defense                  Defense                  
   Matt Duchene             Brad Marchand            Brock Nelson             Roman Josi               Drew Doughty             

Last Minutes Defensive
   Center                   Left Wing                Right Wing               Defense                  Defense                  
   Jordan Staal             Brad Marchand            Brock Nelson             Roman Josi               Drew Doughty             

Goaltenders
Starting : Tuukka Rask              
Backup : Alex Stalock             

Extra Forwards
Normal : Jordan Staal, James van Riemsdyk, Carl Hagelin - PP : Jordan Staal, James van Riemsdyk - PK : Carl Hagelin
Extra Defensemen
Normal : Shea Theodore, Brent Seabrook, Marc Staal - PP : Marco Scandella - PK : Shea Theodore, Marco Scandella
Penalty Shots
Matt Duchene, Brad Marchand, Brock Nelson, James van Riemsdyk, Charlie Coyle

Scratches
Matt Grzelcyk (Healthy)

NASHVILLE

5 vs 5 Forward 
   Center                   Left Wing                Right Wing               Time % Phy DF OF 
 1 Sean Monahan             Paul Byron               Jared McCann             35     1   2  2  
 2 J.T. Compher             Jimmy Vesey              Bobby Ryan               30     1   2  2  
 3 Jason Dickinson          Josh Leivo               Tage Thompson            25     1   2  2  
 4 Devin Shore              Sean Monahan             Paul Byron               10     1   2  2  

5 vs 5 Defense 
   Defense                  Defense                                           Time % Phy DF OF 
 1 Morgan Rielly            Adam Larsson                                      35     1   2  2  
 2 Brian Dumoulin           Nicolas Hague                                     30     1   2  2  
 3 Jeremy Lauzon            Andrew Peeke                                      25     1   2  2  
 4 Connor Carrick           Morgan Rielly                                     10     1   2  2  

PowerPlay Forward 
   Center                   Left Wing                Right Wing               Time % Phy DF OF 
 1 Sean Monahan             Paul Byron               Jared McCann             60     1   2  2  
 2 J.T. Compher             Jimmy Vesey              Bobby Ryan               40     1   2  2  

PowerPlay Defense
   Defense                  Defense                                           Time % Phy DF OF 
 1 Morgan Rielly            Adam Larsson                                      60     1   2  2  
 2 Brian Dumoulin           Nicolas Hague                                     40     1   2  2  

Penalty Kill 4 Players Forward 
   Center                   Wing                     Time % Phy DF OF 
 1 Sean Monahan             Paul Byron               60     1   2  2  
 2 Jared McCann             J.T. Compher             40     1   2  2  

Penalty Kill 4 Players Defense
   Defense                  Defense                  Time % Phy DF OF 
 1 Morgan Rielly            Adam Larsson             60     1   2  2  
 2 Brian Dumoulin           Nicolas Hague            40     1   2  2  

Penalty Kill - 3 Players Forward 
   Forward                                           Time % Phy DF OF 
 1 Sean Monahan                                      60     1   2  2  
 2 Paul Byron                                        40     1   2  2  

Penalty Kill - 3 Players Defense
   Defense                  Defense                  Time % Phy DF OF 
 1 Morgan Rielly            Adam Larsson             60     1   2  2  
 2 Brian Dumoulin           Nicolas Hague            40     1   2  2  

4 vs 4 Forward 
   Center                   Wing                     Time % Phy DF OF 
 1 Sean Monahan             Paul Byron               60     1   2  2  
 2 Jared McCann             J.T. Compher             40     1   2  2  

4 vs 4 Defense
   Defense                  Defense                  Time % Phy DF OF 
 1 Morgan Rielly            Adam Larsson             60     1   2  2  
 2 Brian Dumoulin           Nicolas Hague            40     1   2  2  

Last Minutes Offensive
   Center                   Left Wing                Right Wing               Defense                  Defense                  
   Sean Monahan             Paul Byron               Jared McCann             Morgan Rielly            Adam Larsson             

Last Minutes Defensive
   Center                   Left Wing                Right Wing               Defense                  Defense                  
   Sean Monahan             Paul Byron               Jared McCann             Morgan Rielly            Adam Larsson             

Goaltenders
Starting : Devan Dubnyk             
Backup : Joonas Korpisalo         

Extra Forwards
Normal : Nolan Patrick, Jason Dickinson, Josh Leivo - PP : Nolan Patrick, Jason Dickinson - PK : Josh Leivo
Extra Defensemen
Normal : Jeremy Lauzon, Andrew Peeke, Connor Carrick - PP : Jeremy Lauzon - PK : Andrew Peeke, Connor Carrick
Penalty Shots
Sean Monahan, Paul Byron, Jared McCann, J.T. Compher, Jimmy Vesey

Scratches
Alexander Barabanov (Healthy), Alex Petrovic (Healthy), Henrik Lundqvist (Healthy), NSH Cap Hit (Suspend)

% Time on Ice - BUFFALO

Lines # - Real PCT - Wanted PCT - Time Play
Normal Forward
1 - 33% - 35% - 14:53
2 - 29% - 30% - 13:09
3 - 22% - 25% - 9:59
4 - 17% - 10% - 7:44
Normal Defense
1 - 33% - 35% - 15:17
2 - 32% - 30% - 14:41
3 - 29% - 25% - 13:28
4 - 5% - 10% - 2:19
PP Forward
1 - 44% - 60% - 1:55
2 - 56% - 40% - 2:25
PP Defense
1 - 56% - 60% - 2:25
2 - 44% - 40% - 1:55
PK Forward
1 - 64% - 60% - 6:18
2 - 36% - 40% - 3:37
PK Defense
1 - 58% - 60% - 5:45
2 - 42% - 40% - 4:10
PK3 Forward
1 - 0% - 60%
2 - 0% - 40%
PK3 Defense
1 - 0% - 60%
2 - 0% - 40%
44 Forward
1 - 0% - 60%
2 - 0% - 40%
44 Defense
1 - 0% - 60%
2 - 0% - 40%
Last Minute Offensive  - 0:00
Last Minute Defensive  - 0:00
Total
Forward - 60:00
Defense - 60:00

% Time on Ice - NASHVILLE

Lines # - Real PCT - Wanted PCT - Time Play
Normal Forward
1 - 31% - 35% - 14:03
2 - 31% - 30% - 14:02
3 - 35% - 25% - 16:00
4 - 4% - 10% - 1:40
Normal Defense
1 - 32% - 35% - 14:44
2 - 30% - 30% - 13:57
3 - 33% - 25% - 14:56
4 - 5% - 10% - 2:08
PP Forward
1 - 55% - 60% - 5:29
2 - 45% - 40% - 4:26
PP Defense
1 - 63% - 60% - 6:16
2 - 37% - 40% - 3:39
PK Forward
1 - 73% - 60% - 3:10
2 - 27% - 40% - 1:10
PK Defense
1 - 47% - 60% - 2:03
2 - 53% - 40% - 2:17
PK3 Forward
1 - 0% - 60%
2 - 0% - 40%
PK3 Defense
1 - 0% - 60%
2 - 0% - 40%
44 Forward
1 - 0% - 60%
2 - 0% - 40%
44 Defense
1 - 0% - 60%
2 - 0% - 40%
Last Minute Offensive  - 0:00
Last Minute Defensive  - 0:00
Total
Forward - 60:00
Defense - 60:00

Play-by-Play

1st period


0:01 of 1st period - Sean Monahan wins face-off versus Matt Duchene in neutral zone.
0:35 of 1st period - Shot by Matt Duchene.
0:35 of 1st period - Shot Misses the Net.
1:19 of 1st period - Shot by Eric Staal.
1:19 of 1st period - Shot Misses the Net.
1:59 of 1st period - Off-side.
2:00 of 1st period - David Backes wins face-off versus Devin Shore in neutral zone.
2:07 of 1st period - Shot by Noel Acciari.
2:07 of 1st period - Stopped by Devan Dubnyk without a rebound.
2:08 of 1st period - Devin Shore wins face-off versus Jordan Staal in NASHVILLE zone.
2:08 of 1st period - Devin Shore is hit by Alex Killorn.
2:19 of 1st period - Paul Byron is hit by Marc Staal and loses puck.
3:26 of 1st period - Shot by Brad Marchand.
3:26 of 1st period - Shot Blocked by Jeremy Lauzon.
4:03 of 1st period - Shot by Shea Theodore.
4:03 of 1st period - Stopped by Devan Dubnyk without a rebound.
4:04 of 1st period - Noel Acciari wins face-off versus Paul Byron in NASHVILLE zone.
4:10 of 1st period - Minor Penalty to Noel Acciari for Tripping.
4:11 of 1st period - Jordan Staal wins face-off versus Sean Monahan in BUFFALO zone.
5:16 of 1st period - Shot by Brian Dumoulin.
5:16 of 1st period - Stopped by Tuukka Rask without a rebound.
5:17 of 1st period - Jordan Staal wins face-off versus J.T. Compher in BUFFALO zone.
5:32 of 1st period - Shot by Nicolas Hague.
5:32 of 1st period - Shot Misses the Net.
5:34 of 1st period - Shot by Jimmy Vesey.
5:34 of 1st period - Stopped by Tuukka Rask without a rebound.
5:35 of 1st period - Jordan Staal wins face-off versus J.T. Compher in BUFFALO zone.
7:27 of 1st period - Shot by Sean Monahan.
7:27 of 1st period - Shot Blocked by Shea Theodore.
8:24 of 1st period - Icing by Brian Dumoulin.
8:25 of 1st period - J.T. Compher wins face-off versus Jordan Staal in NASHVILLE zone.
8:38 of 1st period - Jeremy Lauzon is hit by Carl Hagelin and loses puck.
9:01 of 1st period - Shot by Tage Thompson.
9:01 of 1st period - Stopped by Tuukka Rask without a rebound.
9:02 of 1st period - Matt Duchene wins face-off versus Paul Byron in BUFFALO zone.
11:38 of 1st period - Icing by Marco Scandella.
11:39 of 1st period - Nate Thompson wins face-off versus Jason Dickinson in BUFFALO zone.
11:49 of 1st period - Icing by Adam Larsson.
11:50 of 1st period - Jordan Staal wins face-off versus Jason Dickinson in NASHVILLE zone.
11:57 of 1st period - Drew Doughty is hit by Josh Leivo and loses puck.
12:30 of 1st period - Icing by Drew Doughty.
12:31 of 1st period - Sean Monahan wins face-off versus Jordan Staal in BUFFALO zone.
13:20 of 1st period - Matt Duchene is hit by Jimmy Vesey and loses puck.
14:14 of 1st period - Jimmy Vesey is hit by Eric Staal and loses puck.
15:19 of 1st period - Shea Theodore is hit by Tage Thompson and loses puck.
15:39 of 1st period - Shot by Paul Byron.
15:39 of 1st period - Shot Misses the Net.
16:09 of 1st period - Minor Penalty to Brock Nelson for Tripping.
16:10 of 1st period - J.T. Compher wins face-off versus Jordan Staal in BUFFALO zone.
16:15 of 1st period - Shot by Jimmy Vesey.
16:15 of 1st period - Shot Misses the Net.
16:17 of 1st period - Shot by J.T. Compher.
16:17 of 1st period - Stopped by Tuukka Rask with a rebound.
16:30 of 1st period - Shot by J.T. Compher.
16:30 of 1st period - Stopped by Tuukka Rask without a rebound.
16:31 of 1st period - Jordan Staal wins face-off versus Sean Monahan in BUFFALO zone.
16:42 of 1st period - Shot by Brian Dumoulin.
16:42 of 1st period - Shot Misses the Net.
17:00 of 1st period - Roman Josi is hit by Jared McCann and loses puck.
17:17 of 1st period - Jordan Staal is hit by Bobby Ryan.
17:36 of 1st period - Icing by Morgan Rielly.
17:37 of 1st period - J.T. Compher wins face-off versus Jordan Staal in NASHVILLE zone.
19:34 of 1st period - Icing by Brent Seabrook.
19:35 of 1st period - Devin Shore wins face-off versus David Backes in BUFFALO zone.
Goals for this period are 0 for BUFFALO vs 0 for NASHVILLE.
Shots for this period are 2 for BUFFALO vs 5 for NASHVILLE.

2nd period


0:01 of 2nd period - Sean Monahan wins face-off versus Matt Duchene in neutral zone.
0:08 of 2nd period - Shot by Sean Monahan.
0:08 of 2nd period - Deflect By Jared McCann.
0:08 of 2nd period - Stopped by Tuukka Rask without a rebound.
0:09 of 2nd period - J.T. Compher wins face-off versus Jordan Staal in BUFFALO zone.
0:14 of 2nd period - Shot by Bobby Ryan.
0:14 of 2nd period - Shot Misses the Net.
0:16 of 2nd period - Shot by J.T. Compher.
0:16 of 2nd period - Shot Misses the Net.
0:18 of 2nd period - Shot by J.T. Compher.
0:18 of 2nd period - Deflect By Jimmy Vesey.
0:18 of 2nd period - Stopped by Tuukka Rask with a rebound.
0:20 of 2nd period - Shot by Bobby Ryan.
0:20 of 2nd period - Shot Blocked by Drew Doughty.
0:24 of 2nd period - Shot by J.T. Compher.
0:24 of 2nd period - Stopped by Tuukka Rask without a rebound.
0:25 of 2nd period - Sean Monahan wins face-off versus Matt Duchene in BUFFALO zone.
0:25 of 2nd period - Sean Monahan is hit by Brent Seabrook.
0:26 of 2nd period - Minor Penalty to Brent Seabrook for High sticking.
0:27 of 2nd period - Sean Monahan wins face-off versus Jordan Staal in BUFFALO zone.
0:28 of 2nd period - Shot by Morgan Rielly.
0:28 of 2nd period - Deflect By Sean Monahan.
0:28 of 2nd period - Shot Blocked by Drew Doughty.
1:09 of 2nd period - Icing by Jared McCann.
1:10 of 2nd period - Noel Acciari wins face-off versus Paul Byron in NASHVILLE zone.
2:11 of 2nd period - Off-side.
2:12 of 2nd period - Sean Monahan wins face-off versus Jordan Staal in neutral zone.
2:37 of 2nd period - Minor Penalty to Jeremy Lauzon for Interference.
2:38 of 2nd period - Sean Monahan wins face-off versus Eric Staal in NASHVILLE zone.
2:59 of 2nd period - Shot by Roman Josi.
2:59 of 2nd period - Goal by Roman Josi - BUFFALO : 1 - NASHVILLE : 0.
3:00 of 2nd period - Matt Duchene wins face-off versus Jason Dickinson in neutral zone.
3:11 of 2nd period - Shot by Matt Duchene.
3:11 of 2nd period - Shot Blocked by Connor Carrick.
3:20 of 2nd period - Shot by Brock Nelson.
3:20 of 2nd period - Shot Misses the Net.
3:22 of 2nd period - Shot by Brock Nelson.
3:22 of 2nd period - Shot Misses the Net.
3:24 of 2nd period - Shot by Brock Nelson.
3:24 of 2nd period - Stopped by Devan Dubnyk with a rebound.
3:26 of 2nd period - Shot by Brad Marchand.
3:26 of 2nd period - Goal by Brad Marchand - BUFFALO : 2 - NASHVILLE : 0.
3:27 of 2nd period - Jordan Staal wins face-off versus Bobby Ryan in neutral zone.
3:45 of 2nd period - Minor Penalty to Drew Doughty for Roughing.
3:46 of 2nd period - Sean Monahan wins face-off versus Jordan Staal in BUFFALO zone.
4:20 of 2nd period - Shot by Jared McCann.
4:20 of 2nd period - Shot Misses the Net.
4:22 of 2nd period - Shot by Sean Monahan.
4:22 of 2nd period - Stopped by Tuukka Rask without a rebound.
4:23 of 2nd period - Noel Acciari wins face-off versus J.T. Compher in BUFFALO zone.
4:40 of 2nd period - Shot by J.T. Compher.
4:40 of 2nd period - Stopped by Tuukka Rask without a rebound.
4:41 of 2nd period - J.T. Compher wins face-off versus Noel Acciari in BUFFALO zone.
4:42 of 2nd period - Shot by Morgan Rielly.
4:42 of 2nd period - Stopped by Tuukka Rask without a rebound.
4:43 of 2nd period - Jordan Staal wins face-off versus Paul Byron in BUFFALO zone.
6:12 of 2nd period - Shot by Eric Staal.
6:12 of 2nd period - Stopped by Devan Dubnyk without a rebound.
6:13 of 2nd period - Nate Thompson wins face-off versus Jason Dickinson in NASHVILLE zone.
6:47 of 2nd period - Icing by Roman Josi.
6:48 of 2nd period - Nate Thompson wins face-off versus J.T. Compher in BUFFALO zone.
6:48 of 2nd period - Nate Thompson is hit by Jimmy Vesey.
7:05 of 2nd period - Drew Doughty is hit by Bobby Ryan and loses puck.
7:19 of 2nd period - Icing by Roman Josi.
7:20 of 2nd period - Sean Monahan wins face-off versus Nate Thompson in BUFFALO zone.
7:45 of 2nd period - Shot by Matt Duchene.
7:45 of 2nd period - Shot Blocked by Adam Larsson.
7:47 of 2nd period - Shot by Brad Marchand.
7:47 of 2nd period - Shot Misses the Net.
7:49 of 2nd period - Shot by Shea Theodore.
7:49 of 2nd period - Shot Blocked by Adam Larsson.
7:51 of 2nd period - Shot by Brent Seabrook.
7:51 of 2nd period - Shot Misses the Net.
8:07 of 2nd period - Shot by Brad Marchand.
8:07 of 2nd period - Shot Misses the Net.
8:22 of 2nd period - Morgan Rielly is hit by Charlie Coyle and loses puck.
8:27 of 2nd period - Shot by Charlie Coyle.
8:27 of 2nd period - Shot Misses the Net.
8:31 of 2nd period - Shot by Charlie Coyle.
8:31 of 2nd period - Stopped by Devan Dubnyk without a rebound.
8:32 of 2nd period - J.T. Compher wins face-off versus Jordan Staal in NASHVILLE zone.
8:57 of 2nd period - Shot by Jimmy Vesey.
8:57 of 2nd period - Shot Misses the Net.
8:59 of 2nd period - Shot by J.T. Compher.
8:59 of 2nd period - Stopped by Tuukka Rask without a rebound.
9:00 of 2nd period - Jason Dickinson wins face-off versus Eric Staal in BUFFALO zone.
9:14 of 2nd period - Icing by Roman Josi.
9:15 of 2nd period - Eric Staal wins face-off versus J.T. Compher in BUFFALO zone.
9:15 of 2nd period - Eric Staal is hit by Jimmy Vesey.
9:28 of 2nd period - Minor Penalty to Nicolas Hague for Holding.
9:29 of 2nd period - Sean Monahan wins face-off versus Matt Duchene in NASHVILLE zone.
10:02 of 2nd period - Shot by Brock Nelson.
10:02 of 2nd period - Deflect By Matt Duchene.
10:02 of 2nd period - Stopped by Devan Dubnyk without a rebound.
10:03 of 2nd period - Eric Staal wins face-off versus Jared McCann in NASHVILLE zone.
10:23 of 2nd period - Shot by Charlie Coyle.
10:23 of 2nd period - Shot Blocked by Adam Larsson.
11:02 of 2nd period - Icing by Brent Seabrook.
11:03 of 2nd period - Sean Monahan wins face-off versus Matt Duchene in BUFFALO zone.
11:12 of 2nd period - Adam Larsson is hit by Brad Marchand and loses puck.
11:53 of 2nd period - Shot by Carl Hagelin.
11:53 of 2nd period - Stopped by Devan Dubnyk with a rebound.
11:55 of 2nd period - Shot by Jordan Staal.
11:55 of 2nd period - Deflect By Alex Killorn.
11:55 of 2nd period - Shot Hit the Post.
11:57 of 2nd period - Shot by Carl Hagelin.
11:57 of 2nd period - Deflect By Alex Killorn.
11:57 of 2nd period - Stopped by Devan Dubnyk with a rebound.
11:59 of 2nd period - Shot by Marc Staal.
11:59 of 2nd period - Shot Misses the Net.
12:33 of 2nd period - Brian Dumoulin is hit by Drew Doughty and loses puck.
12:37 of 2nd period - Minor Penalty to Roman Josi for Goalie Interference.
12:38 of 2nd period - Jordan Staal wins face-off versus Sean Monahan in BUFFALO zone.
12:38 of 2nd period - Jordan Staal is hit by Sean Monahan.
12:59 of 2nd period - Shot by Morgan Rielly.
12:59 of 2nd period - Shot Blocked by Shea Theodore.
13:01 of 2nd period - Shot by Morgan Rielly.
13:01 of 2nd period - Stopped by Tuukka Rask with a rebound.
13:03 of 2nd period - Shot by Adam Larsson.
13:03 of 2nd period - Shot Misses the Net.
13:52 of 2nd period - Shot by Nicolas Hague.
13:52 of 2nd period - Stopped by Tuukka Rask without a rebound.
13:53 of 2nd period - J.T. Compher wins face-off versus Noel Acciari in BUFFALO zone.
14:14 of 2nd period - Shot by Adam Larsson.
14:14 of 2nd period - Stopped by Tuukka Rask without a rebound.
14:15 of 2nd period - Sean Monahan wins face-off versus Noel Acciari in BUFFALO zone.
15:13 of 2nd period - Shot by Tage Thompson.
15:13 of 2nd period - Shot Misses the Net.
15:43 of 2nd period - Shot by Bobby Ryan.
15:43 of 2nd period - Goal by Bobby Ryan - BUFFALO : 2 - NASHVILLE : 1.
15:44 of 2nd period - Matt Duchene wins face-off versus Sean Monahan in neutral zone.
15:57 of 2nd period - Shot by Brad Marchand.
15:57 of 2nd period - Stopped by Devan Dubnyk without a rebound.
15:58 of 2nd period - Jordan Staal wins face-off versus J.T. Compher in NASHVILLE zone.
16:22 of 2nd period - J.T. Compher is hit by Marc Staal and loses puck.
17:27 of 2nd period - Shot by Brad Marchand.
17:27 of 2nd period - Shot Misses the Net.
19:15 of 2nd period - Icing by Josh Leivo.
19:16 of 2nd period - Jason Dickinson wins face-off versus Carl Hagelin in NASHVILLE zone.
19:16 of 2nd period - Jason Dickinson is hit by Alex Killorn.
19:19 of 2nd period - Tage Thompson is hit by Jordan Staal and loses puck.
19:56 of 2nd period - Adam Larsson is hit by Jordan Staal and loses puck.
Goals for this period are 2 for BUFFALO vs 1 for NASHVILLE.
Shots for this period are 9 for BUFFALO vs 11 for NASHVILLE.

3rd period


0:01 of 3rd period - Matt Duchene wins face-off versus Sean Monahan in neutral zone.
0:06 of 3rd period - Shot by Brad Marchand.
0:06 of 3rd period - Stopped by Devan Dubnyk with a rebound.
1:26 of 3rd period - Icing by Shea Theodore.
1:27 of 3rd period - Eric Staal wins face-off versus Jason Dickinson in BUFFALO zone.
1:50 of 3rd period - Icing by Tage Thompson.
1:51 of 3rd period - Jordan Staal wins face-off versus Jason Dickinson in NASHVILLE zone.
2:05 of 3rd period - Shot by Jason Dickinson.
2:05 of 3rd period - Shot Misses the Net.
2:07 of 3rd period - Shot by Tage Thompson.
2:07 of 3rd period - Stopped by Tuukka Rask without a rebound.
2:08 of 3rd period - Sean Monahan wins face-off versus Nate Thompson in BUFFALO zone.
2:25 of 3rd period - Shot by Jared McCann.
2:25 of 3rd period - Shot Misses the Net.
2:27 of 3rd period - Shot by Morgan Rielly.
2:27 of 3rd period - Stopped by Tuukka Rask without a rebound.
2:28 of 3rd period - Eric Staal wins face-off versus J.T. Compher in BUFFALO zone.
2:33 of 3rd period - Bobby Ryan is hit by Charlie Coyle and loses puck.
3:27 of 3rd period - Shot by Paul Byron.
3:27 of 3rd period - Stopped by Tuukka Rask without a rebound.
3:28 of 3rd period - Matt Duchene wins face-off versus Jason Dickinson in BUFFALO zone.
4:05 of 3rd period - Shot by Josh Leivo.
4:05 of 3rd period - Stopped by Tuukka Rask with a rebound.
4:27 of 3rd period - Shot by Paul Byron.
4:27 of 3rd period - Shot Misses the Net.
4:29 of 3rd period - Shot by Jared McCann.
4:29 of 3rd period - Stopped by Tuukka Rask without a rebound.
4:30 of 3rd period - Nate Thompson wins face-off versus J.T. Compher in BUFFALO zone.
5:23 of 3rd period - Shot by Jared McCann.
5:23 of 3rd period - Stopped by Tuukka Rask without a rebound.
5:24 of 3rd period - Eric Staal wins face-off versus Jason Dickinson in BUFFALO zone.
5:24 of 3rd period - Eric Staal is hit by Jason Dickinson.
6:41 of 3rd period - Brent Seabrook is hit by Jared McCann.
7:31 of 3rd period - Shot by Alex Killorn.
7:31 of 3rd period - Deflect By Carl Hagelin.
7:31 of 3rd period - Shot Blocked by Nicolas Hague.
7:33 of 3rd period - Shot by Alex Killorn.
7:33 of 3rd period - Stopped by Devan Dubnyk without a rebound.
7:34 of 3rd period - Nate Thompson wins face-off versus Bobby Ryan in NASHVILLE zone.
7:48 of 3rd period - Minor Penalty to Jimmy Vesey for Interference.
7:49 of 3rd period - Eric Staal wins face-off versus Jason Dickinson in NASHVILLE zone.
7:59 of 3rd period - Shot by Eric Staal.
7:59 of 3rd period - Stopped by Devan Dubnyk with a rebound.
8:01 of 3rd period - Shot by Roman Josi.
8:01 of 3rd period - Stopped by Devan Dubnyk without a rebound.
8:02 of 3rd period - Brad Marchand wins face-off versus Sean Monahan in NASHVILLE zone.
9:07 of 3rd period - Shot by Roman Josi.
9:07 of 3rd period - Stopped by Devan Dubnyk without a rebound.
9:08 of 3rd period - Sean Monahan wins face-off versus Eric Staal in NASHVILLE zone.
9:56 of 3rd period - Icing by Andrew Peeke.
9:57 of 3rd period - Jordan Staal wins face-off versus Jason Dickinson in NASHVILLE zone.
9:58 of 3rd period - Shot by Alex Killorn.
9:58 of 3rd period - Shot Misses the Net.
10:00 of 3rd period - Shot by Alex Killorn.
10:00 of 3rd period - Deflect By Jordan Staal.
10:00 of 3rd period - Shot Misses the Net.
10:02 of 3rd period - Shot by Alex Killorn.
10:02 of 3rd period - Deflect By Jordan Staal.
10:02 of 3rd period - Shot Blocked by Tage Thompson.
10:06 of 3rd period - Shot by Alex Killorn.
10:06 of 3rd period - Shot Misses the Net.
10:10 of 3rd period - Shot by Jordan Staal.
10:10 of 3rd period - Stopped by Devan Dubnyk without a rebound.
10:11 of 3rd period - Brock Nelson wins face-off versus J.T. Compher in NASHVILLE zone.
10:14 of 3rd period - Shot by Brock Nelson.
10:14 of 3rd period - Shot Misses the Net.
10:16 of 3rd period - Shot by Brock Nelson.
10:16 of 3rd period - Shot Blocked by Morgan Rielly.
10:18 of 3rd period - Shot by Matt Duchene.
10:18 of 3rd period - Shot Misses the Net.
11:19 of 3rd period - Off-side.
11:20 of 3rd period - Jared McCann wins face-off versus Eric Staal in neutral zone.
11:52 of 3rd period - Shot by Jared McCann.
11:52 of 3rd period - Stopped by Tuukka Rask without a rebound.
11:53 of 3rd period - Jordan Staal wins face-off versus Jason Dickinson in BUFFALO zone.
12:00 of 3rd period - Shot by Alex Killorn.
12:00 of 3rd period - Stopped by Devan Dubnyk without a rebound.
12:01 of 3rd period - Jason Dickinson wins face-off versus Jordan Staal in NASHVILLE zone.
12:24 of 3rd period - Shot by Jordan Staal.
12:24 of 3rd period - Stopped by Devan Dubnyk without a rebound.
12:25 of 3rd period - Sean Monahan wins face-off versus Matt Duchene in NASHVILLE zone.
12:25 of 3rd period - Sean Monahan is hit by Brad Marchand.
12:30 of 3rd period - Nicolas Hague is hit by Roman Josi and loses puck.
13:39 of 3rd period - Shot by Jimmy Vesey.
13:39 of 3rd period - Deflect By J.T. Compher.
13:39 of 3rd period - Stopped by Tuukka Rask without a rebound.
13:40 of 3rd period - Jordan Staal wins face-off versus Jason Dickinson in BUFFALO zone.
13:47 of 3rd period - Marco Scandella is hit by Jason Dickinson.
14:12 of 3rd period - Shot by Jason Dickinson.
14:12 of 3rd period - Shot Misses the Net.
14:29 of 3rd period - Jason Dickinson is hit by Brent Seabrook and loses puck.
14:46 of 3rd period - Shot by Shea Theodore.
14:46 of 3rd period - Goal by Shea Theodore - BUFFALO : 3 - NASHVILLE : 1.
14:47 of 3rd period - Matt Duchene wins face-off versus Sean Monahan in neutral zone.
15:02 of 3rd period - Shot by Morgan Rielly.
15:02 of 3rd period - Stopped by Tuukka Rask without a rebound.
15:03 of 3rd period - James van Riemsdyk wins face-off versus J.T. Compher in BUFFALO zone.
15:19 of 3rd period - Icing by Brent Seabrook.
15:20 of 3rd period - Sean Monahan wins face-off versus Eric Staal in BUFFALO zone.
15:56 of 3rd period - Morgan Rielly is hit by Eric Staal and loses puck.
16:33 of 3rd period - Shot by Brad Marchand.
16:33 of 3rd period - Stopped by Devan Dubnyk without a rebound.
16:34 of 3rd period - Jordan Staal wins face-off versus Jason Dickinson in NASHVILLE zone.
16:55 of 3rd period - Shot by Carl Hagelin.
16:55 of 3rd period - Stopped by Devan Dubnyk without a rebound.
16:56 of 3rd period - J.T. Compher wins face-off versus Nate Thompson in NASHVILLE zone.
17:01 of 3rd period - Nate Thompson is hit by Bobby Ryan and loses puck.
17:52 of 3rd period - Off-side.
17:53 of 3rd period - Matt Duchene wins face-off versus Sean Monahan in neutral zone.
19:00 of 3rd period - Icing by Adam Larsson.
19:01 of 3rd period - Sean Monahan wins face-off versus Eric Staal in NASHVILLE zone.
Goals for this period are 1 for BUFFALO vs 0 for NASHVILLE.
Shots for this period are 11 for BUFFALO vs 9 for NASHVILLE.